 Dungeon Crawl Stone Soup version 0.27-a0-1302-g7736ffe575 (webtiles) character file.

Game seed: 3360040895371701275

72 Ijustatesigmund the Skirmisher (level 4, -1/37 HPs)
             Began as a Demonspawn Fighter on June 18, 2021.
             Slain by a black bear (2 damage)
             ... on level 3 of the Dungeon.
             The game lasted 00:02:32 (1081 turns).

Ijustatesigmund the Skirmisher (Demonspawn Fighter) Turns: 1081, Time: 00:02:33

Health: -1/37      AC:  7    Str: 16    XL:     4   Next: 7%
Magic:  4/4        EV:  6    Int: 10    God:
Gold:   63         SH:  8    Dex: 13    Spells: 3/3 levels left

rFire    . . .     SeeInvis .   a - +0 war axe
rCold    . . .     Faith    .   c - +0 kite shield
rNeg     . . .     Spirit   .   b - +0 scale mail
rPois    .         Reflect  .   (no helmet)
rElec    .         Harm     .   e - +0 cloak
rCorr    .         Rampage  .   (no gloves)
Will     .....                  (no boots)
Stlth    ..........             (no amulet)
HPRegen  0.12/turn              (no ring)
MPRegen  0.09/turn              (no ring)

@: no status effects
A: hooves 1, demonic guardian 1
a: no special abilities


You were on level 3 of the Dungeon.
You visited 1 branch of the dungeon, and saw 3 of its levels.

You collected 63 gold pieces.

Inventory:

Hand Weapons
 a - a +0 war axe (weapon)
Armour
 b - a +0 scale mail (worn)
 c - a +0 kite shield (worn)
 e - a +0 cloak (worn)
Scrolls
 g - a scroll of brand weapon {unknown}
Potions
 d - 2 potions of might
 f - a potion of curing {unknown}


   Skills:
 + Level 3.7 Fighting
 * Level 3.4 Axes
 - Level 2.6 Armour
 - Level 2.6 Shields


You had 3 spell levels left.
You didn't know any spells.
Your spell library was empty.

Dungeon Overview and Level Annotations

Branches:
Dungeon (3/15)

Altars:


Innate Abilities, Weirdness & Mutations

You have large cloven feet.
A weak demonic guardian rushes to your aid.


Message History

You are too injured to fight recklessly!
You are too injured to fight recklessly!
You are too injured to fight recklessly!
You are too injured to fight recklessly!
You are too injured to fight recklessly!
You hit the black bear. You kick the black bear.
The black bear is lightly wounded.
The black bear barely misses you.
The black bear claws you but does no damage.
You block the black bear's attack. The black bear bites you.
The black bear completely misses you.
The black bear claws you but does no damage.
You slash the black bear! Your kick misses the black bear.
The black bear is heavily wounded.
The black bear bites you but does no damage.
The black bear claws you. x2
* * * LOW HITPOINT WARNING * * *
Your shield and scale mail prevent you from hitting the black bear.
The black bear is moderately wounded.
The black bear barely misses you. You block the black bear's attack.
The black bear claws you but does no damage.
The black bear bites you.
* * * LOW HITPOINT WARNING * * *
The black bear claws you but does no damage. x2
You slash the black bear!
The black bear is almost dead.
The black bear goes berserk!
The black bear bites you.
* * * LOW HITPOINT WARNING * * *
The black bear claws you but does no damage.
You block the black bear's attack.
You hit the black bear.
The black bear is almost dead.
The black bear bites you.
* * * LOW HITPOINT WARNING * * *
A demonic guardian appears!
The black bear claws you but does no damage.
The black bear claws you.
* * * LOW HITPOINT WARNING * * *
You block the black bear's attack. The black bear claws you.
You die...

####.#### ####......#....#
.....#######......###.....#
................###....#.##
############..####.....#.#
#..###...#.#.#.#
#....#.#...#)).#..#.
##.>.................
#.....#.#...........
#....@....#.........
#...5.h..............
..............#..<....
.##...##.###..........
#...#..# #########..
#....... #..# #. ..( ..


You could see a black bear (berserk, ally target) and a friendly shadow imp
(summoned).

Vanquished Creatures
  Robin (D:3)
  A worm (D:3)
  A dart slug (D:2)
  5 orcs (D:3)
  5 bats
  2 endoplasms
  9 goblins
  5 hobgoblins
  8 jackals (D:1)
  3 kobolds
  2 frilled lizards (D:1)
42 creatures vanquished.

Vanquished Creatures (collateral kills)
  An endoplasm (D:1)
1 creature vanquished.

Grand Total: 43 creatures vanquished

Notes
Turn   | Place    | Note
-------+----------+-------------------------------------------
     0 | D:1      | Ijustatesigmund the Demonspawn Fighter began the quest for
                  | the Orb.
     0 | D:1      | Reached XP level 1. HP: 18/18 MP: 1/1
   111 | D:1      | Gained mutation: A weak demonic guardian rushes to your
                  | aid. [demonic ancestry]
   111 | D:1      | Reached XP level 2. HP: 17/24 MP: 2/2
   650 | D:3      | Reached XP level 3. HP: 29/29 MP: 3/3
   750 | D:3      | Noticed Robin
   764 | D:3      | Killed Robin
  1065 | D:3      | Gained mutation: You have large cloven feet. [demonic
                  | ancestry]
  1065 | D:3      | Reached XP level 4. HP: 19/37 MP: 4/4
  1073 | D:3      | Noticed a black bear
  1081 | D:3      | HP: 1/37 [black bear (2)]
  1081 | D:3      | Slain by a black bear

Illustrated notes

Levels and vault maps discovered:
D:1:      elethiomel_arrival_quiet, layout_loops_ring, serial_bayou_pond_d,
          amcnicky_mini_pool_small
D:2:      layout_loops_ring, chequers_ecumenical_altar_simple_redux,
          kennysheep_decorative_pillar, minmay_cut_off
D:3:      layout_rooms, bloody_makhleb, marbit_many_paths,
          lemuel_coloured_pillars_altar, uniq_robin

Skill      XL: |  1  2  3 |
---------------+----------+-----
Axes           | 2 3 |  3.4
Fighting       | |  3.7
Armour         | |  2.6
Shields        | |  2.6

Action                   |  1- 3 |  4- 6 || total
-------------------------+-------+-------++-------
Melee: War axe           |   138 |     8 ||   146
       Kick              |       |     1 ||     1
Armor: Scale mail        |   110 |     9 ||   119
Dodge: Dodged            |    68 |     4 ||    72
Block: Kite shield       |   103 |     4 ||   107

Table legend: (Time is in decaauts)
 A = Elapsed time spent in this place.
 B = Non-inter-level travel time spent in this place.
 C = Inter-level travel time spent in this place.
 D = Time resting spent in this place.
 E = Time spent auto-exploring this place.
 F = Levels seen in this place.
 G = Mean time per level.
                   A        B        C        D        E       F      G
               +--------+--------+--------+--------+--------+-----+--------+
         Total |   1172 |   1072 |    100 |    240 |    508 |   3 |  390.7 |
       Dungeon |   1172 |   1072 |    100 |    240 |    508 |   3 |  390.7 |
               +--------+--------+--------+--------+--------+-----+--------+

Top non-repeatable levels by time:
     D:1: 618 daAuts
     D:3: 465 daAuts
     D:2: 88 daAuts
